 Dungeon Crawl Stone Soup version 0.30.1-3-gfc49f6343a (webtiles) character file.

Game seed: 12479023804684805097

6 Wiggles the Trooper (level 1, -4/20 HPs)
             Began as a Minotaur Berserker on Aug 10, 2023.
             Was a Follower of Trog.
             Slain by a kobold
             ... wielding a +1 short sword of electrocution
              (20 damage)
             ... on level 1 of the Dungeon.
             The game lasted 00:00:26 (173 turns).

Wiggles the Trooper (Minotaur Berserker)             Turns: 173, Time: 00:00:26

Health: -4/20      AC: 11    Str: 21    XL:     1   Next: 75%
Magic:  0/0        EV:  6    Int:  4    God:    Trog [*.....]
Gold:   24         SH:  0    Dex:  9    Spells: 0/0 levels left

rFire   . . .        e - +0 battleaxe
rCold   . . .        (shield currently unavailable)
rNeg    . . .        c - +0 plate armour
rPois   .            (helmet restricted)
rElec   .            (no cloak)
rCorr   .            (no gloves)
SInv    .            (no boots)
Will    .....        (no amulet) Stlth
                     (no ring)
HPRegen 0.23/turn    (no ring)
MPRegen 0.07/turn

%: no passive effects
@: no status effects
A: horns 2, retaliatory headbutt
a: Renounce Religion, Berserk


You were on level 1 of the Dungeon.
You worshipped Trog.
Trog was aware of your devotion.
You visited 1 branch of the dungeon, and saw 1 of its levels.

You collected 24 gold pieces.

Inventory:

Hand Weapons
 e - a +0 battleaxe (weapon)
Armour
 c - a +0 plate armour (worn)
Scrolls
 b - a scroll of blinking {unknown}
 d - a scroll of fear {unknown}
Potions
 a - a potion of lignification {unknown}
 f - a potion of haste {unknown}
 g - a potion of attraction {unknown}


   Skills:
 + Level 3.8 Fighting
 + Level 3.8 Axes
 + Level 2.5 Armour
 + Level 2.2 Dodging


You couldn't memorise any spells.
You didn't know any spells.
Your spell library was empty.

Dungeon Overview and Level Annotations

Branches:
Dungeon (1/15)

Altars:


Innate Abilities, Weirdness & Mutations

You have a pair of horns on your head.
You reflexively headbutt those who attack you in melee.


Message History

a +0 dagger; a goblin corpse You see here a +0 plate armour.
c - a +0 plate armour You start removing your armour.
You continue taking off your +0 animal skin. x4
You finish taking off your +0 animal skin.
You start putting on your armour.
You continue putting on your +0 plate armour. x5
You finish putting on your +0 plate armour.
You drop a +0 animal skin.
You now have 15 gold pieces.
b - a scroll labelled VUUXOI DAAPRUNI
Found a lumpy white potion.
d - a scroll labelled ICKAXTIMUI You see here a +0 battleaxe.
e - a +0 battleaxe
e - a +0 battleaxe (weapon)
You drop a +0 hand axe.
a - a lumpy white potion
Found a stone staircase leading down.
f - a grey potion
Found a stone staircase leading down.
g - a viscous emerald potion
Found a stone staircase leading down.
Found 7 stones.
You now have 24 gold pieces (gained 9).
A kobold comes into view.
It is wielding a +1 short sword of electrocution.
The kobold shouts!
The kobold throws a stone.
The stone hits you but does no damage.
The kobold throws a stone.
The stone hits you but does no damage.
The kobold hits you with a +1 short sword of electrocution.
You are too injured to fight recklessly!
You are too injured to fight recklessly!
You are too injured to fight recklessly!
You are too injured to fight recklessly!
Found a scroll labelled BOSTAW APS.
The kobold completely misses you.
You barely miss the kobold. Your headbutt misses the kobold.
The kobold hits you but does no damage. x2; You are electrocuted!!
Ouch! That really hurt!
You die...

.. ..##.#.........# .#
#.##.#............
.####.##.##..........
....................
.#.#.###........#..# ?
.#.#>#....#..#..#..# ...
.#.#.#.#..#..#..#..#....
.....#..........K....#
.#.##........#..@.##.#
.#.##....#...........#
.#.#..............####
......................
####....##.......=#.##
#....#.##.##.##....#
.................####
####..#.##.#..####
#..........#


You could see a kobold.

Vanquished Creatures
  A ball python (D:1)
  A goblin (D:1)
  A kobold (D:1)
  A bat (D:1)
  A frilled lizard (D:1)
  A rat (D:1)
6 creatures vanquished.

Notes
Turn   | Place    | Note
-------+----------+-------------------------------------------
     0 | D:1      | Wiggles the Minotaur Berserker began the quest for the Orb.
     0 | D:1      | Reached XP level 1. HP: 19/19 MP: 0/0
   173 | D:1      | Slain by a kobold

Illustrated notes

Levels and vault maps discovered:
D:1:      lemuel_arrival_funnel, layout_basic

Action                     || total
---------------------------++-------
  Melee: Hand axe          ||     4
         Battleaxe         ||     1
 Armour: Animal skin       ||     5
         Plate armour      ||     4
  Dodge: Dodged            ||     7
